 Dungeon Crawl Stone Soup version 0.23.0-28-g6fe0f4d (webtiles) character file.

Game seed: 15235238897949368994

1858 Borgoz the Ruffian (level 9, -2/71 HPs)
             Began as a Ghoul Warper on Feb 25, 2019.
             Slain by a two-headed ogre
             ... wielding a +0 giant club
              (10 damage)
             ... on level 8 of the Dungeon.
             The game lasted 00:15:57 (7026 turns).

Borgoz the Ruffian (Ghoul Warper)                   Turns: 7026, Time: 00:15:58

Health: -2/71      AC: 11    Str: 15    XL:     9   Next: 13%
Magic:  12/12      EV:  8    Int:  8    God:
Gold:   317        SH:  0    Dex: 11    Spells: 12/14 levels left

rFire    . . .     SeeInvis .     - Unarmed
rCold    + . .     Gourm    .   (no shield)
rNeg     + + +     Faith    .   m - +0 chain mail
rPois    ∞         Spirit   .   w - +1 helmet
rElec    .         Reflect  .   (no cloak)
rCorr    +         Harm     .   (no gloves)
MR       .....                  (no boots)
Stlth    ..........             (no amulet)
HPRegen  0.00/turn              l - ring of resist corrosion
MPRegen  0.13/turn              h - ring of stealth

@: rotting
A: rotting body, claws 1, carnivore, cold resistance 1, negative energy
resistance 3, inhibited regeneration, torment resistance, unbreathing
a: no special abilities


You were on level 8 of the Dungeon.
You were not hungry.

You visited 1 branch of the dungeon, and saw 8 of its levels.
You also visited: Sewer.

You collected 317 gold pieces.

Inventory:

Hand Weapons
 a - a +0 blowgun
Missiles
 d - 5 tomahawks of dispersal (quivered)
 e - 8 needles of sleeping
 q - 24 poisoned needles
 x - 5 tomahawks
Armour
 m - a +0 chain mail (worn)
 w - a +1 helmet (worn)
Jewellery
 g - an uncursed ring of magical power
 h - a ring of stealth (right claw)
 l - a ring of resist corrosion (left claw)
Wands
 n - a wand of flame (14)
Scrolls
 c - a scroll of blinking
 j - a scroll of fog {unknown}
 k - a scroll of noise {unknown}
 p - 2 scrolls of remove curse
 r - 3 scrolls of amnesia
 t - 3 scrolls of teleportation
 v - a scroll of fear {unknown}
Potions
 b - 4 potions of curing
 i - a potion of magic
 u - 3 potions of flight
Comestibles
 f - 14 rations
 s - 3 chunks of flesh


   Skills:
 + Level 4.2 Fighting
 - Level 0.8 Throwing
 + Level 3.8 Armour
 * Level 5.2 Dodging
 + Level 3.3 Stealth
 + Level 7.5 Unarmed Combat
 + Level 3.0 Spellcasting
 - Level 2.6 Translocations
 + Level 2.7 Evocations


You had 12 spell levels left.
You knew the following spells:

 Your Spells              Type           Power        Failure   Level  Hunger
a - Blink                 Tloc           N/A          97%         2    ###....

Your spell library contained the following spells:

 Spells                   Type           Power        Failure   Level  Hunger
 Shroud of Golubria       Chrm/Tloc      #.........   99%         2    ###....
 Gell's Gravitas          Tloc           #.........   99%         3    ####...
 Lesser Beckoning         Tloc           #.........   99%         3    ####...
 Teleport Other           Tloc           #.......     99%         3    ####...
 Passage of Golubria      Tloc           N/A          100%        4    #####..


Dungeon Overview and Level Annotations

Branches:
Dungeon (8/15)
 Temple: D:4-7         Lair: D:8-11

Altars:
Ashenzari
Gozag
Kikubaaqudgha
Okawaru
Sif Muna
Wu Jian
Xom


Innate Abilities, Weirdness & Mutations

Your body is rotting away.
You thrive on raw meat.
You are immune to poison.
You have sharp fingernails.
You are carnivorous and can eat meat at any time.
Your flesh is cold resistant. (rC+)
You are immune to negative energy. (rN+++)
You do not regenerate when monsters are visible.
You are immune to unholy pain and torment.
You can survive without breathing.


Message History

The two-headed ogre hits you with a +0 giant club!!
The two-headed ogre hits you with a +0 giant spiked club!
* * * LOW HITPOINT WARNING * * *
Evoke which item? (* to show all) (? for menu, Esc to quit)
Aiming: Throw Flame
Press: ? - help, Shift-Dir - straight line, f - two-headed ogre
Aim: a two-headed ogre, wielding a +0 giant club and a +0 giant spiked club (severely wounded)
The puff of flame hits the two-headed ogre.
The two-headed ogre is severely wounded.
The sky beast flickers out of sight!
Deactivating autopickup; reactivate with Ctrl-A.
The two-headed ogre closely misses you. x2
You feel much better.
The two-headed ogre barely misses you. x2
Your chain mail prevents you from hitting the two-headed ogre.
You claw the two-headed ogre.
The two-headed ogre is severely wounded.
The two-headed ogre hits you with a +0 giant club!!
* * * LOW HITPOINT WARNING * * *
The two-headed ogre hits you with a +0 giant spiked club!
You die...

... #. ###.# #...
#.###<#.#
#.(.##.......###
#............).#
...###)##..<#.####.
.......#.#).......
#.###..##..#...#......
#......##.@..#.#######
P####..###O#.#.#
.........{.{#.#.#
...#####..###.#.# .
.....# ..#.# ...##.##
###.# P.. ... .# P.
##.. P ....


You could see a two-headed ogre.

Vanquished Creatures
  Joseph (D:7)
  A hog (D:7)
  Menkaure (D:6)
  A phantom (D:5)
  A sky beast (D:8)
  An ogre (D:5)
  A big kobold (Sewer)
  A bullfrog (D:3)
  2 scorpions (D:4)
  A howler monkey (D:4)
  A hound (D:4)
  A quasit (D:7)
  A bullfrog zombie (D:6)
  2 orc priests
  3 orc wizards
  2 iguanas (D:4)
  4 worker ants
  A hound zombie (D:5)
  A hound skeleton (D:6)
  A howler monkey skeleton (D:5)
  4 river rats (D:3)
  13 adders
  A shadow imp (D:5)
  2 oozes (D:1)
  An adder skeleton (D:4)
  4 worms
  A dart slug (D:2)
  6 leopard geckos
  28 orcs
  6 giant cockroaches
  9 goblins
  8 hobgoblins
  7 jackals
  14 kobolds
  4 quokkas
  A ball python (D:4)
  4 bats
  2 frilled lizards
  A leopard gecko skeleton (D:5)
  17 rats
161 creatures vanquished.

Notes
Turn   | Place    | Note
-------+----------+-------------------------------------------
     0 | D:1      | Borgoz the Ghoul Warper began the quest for the Orb.
     0 | D:1      | Reached XP level 1. HP: 17/17 MP: 2/2
    26 | D:1      | Reached skill level 1 in Armour
    86 | D:1      | Reached XP level 2. HP: 8/23 MP: 3/3
   103 | D:2      | HP: 1/23 [hobgoblin (3)]
   477 | D:1      | Reached XP level 3. HP: 16/30 MP: 4/4
   732 | D:1      | Reached skill level 3 in Unarmed Combat
   941 | D:1      | Learned a level 2 spell: Blink
  1833 | D:2      | Reached XP level 4. HP: 26/37 MP: 5/5
  1969 | D:3      | Reached skill level 4 in Unarmed Combat
  1982 | D:3      | Reached XP level 5. HP: 17/42 MP: 6/6
  2289 | D:3      | Reached XP level 6. HP: 32/50 MP: 7/7
  2295 | D:3      | Reached skill level 5 in Unarmed Combat
  2496 | D:3      | Found a glowing drain.
  2505 | Sewer    | Entered a sewer
  2588 | Sewer    | Reached skill level 6 in Unarmed Combat
  2636 | Sewer    | Found a white marble altar of Elyvilon.
  2949 | D:2      | Reached XP level 7. HP: 41/56 MP: 8/8
  3465 | D:2      | Found an ornate altar of the Wu Jian Council.
  4118 | D:4      | Reached skill level 1 in Evocations
  4309 | D:4      | Reached skill level 1 in Stealth
  4592 | D:5      | Entered Level 5 of the Dungeon
  4974 | D:5      | Reached XP level 8. HP: 28/62 MP: 10/10
  5005 | D:5      | Reached skill level 7 in Unarmed Combat
  5846 | D:6      | Found a deep blue altar of Sif Muna.
  5851 | D:6      | Found a shattered altar of Ashenzari.
  5852 | D:6      | Found a shimmering altar of Xom.
  5897 | D:6      | Noticed Menkaure
  5910 | D:6      | Killed Menkaure
  6272 | D:6      | Found an iron altar of Okawaru.
  6272 | D:6      | Found an opulent altar of Gozag.
  6273 | D:6      | Found an ancient bone altar of Kikubaaqudgha.
  6554 | D:7      | Noticed Joseph
  6575 | D:7      | Killed Joseph
  6672 | D:7      | Reached skill level 5 in Dodging
  6681 | D:7      | Noticed a yak
  6681 | D:7      | Noticed a yak
  6690 | D:7      | Reached XP level 9. HP: 58/71 MP: 12/12
  7009 | D:8      | Noticed a two-headed ogre
  7026 | D:8      | Slain by a two-headed ogre

Skill      XL: |  1  2  3  4  5  6  7  8  9 |
---------------+----------------------------+-----
Armour         | 1 2 3 |  3.8
Dodging        | 2 3 4 5 |  5.2
Unarmed Combat | 3 4 6 7 |  7.5
Evocations     | 1 2 |  2.7
Stealth        | 1 3 |  3.3
Spellcasting   | 2 3 |  3.0
Fighting       | 3 4 |  4.2
Throwing       | |  0.8
Translocations | |  2.6

Action                   |  1- 3 |  4- 6 |  7- 9 || total
-------------------------+-------+-------+-------++-------
Melee: Unarmed           |   122 |   254 |   283 ||   659
       Punch             |       |     3 |    10 ||    13
Evoke: Wand              |     4 |       |     1 ||     5
  Use: Scroll            |     2 |     3 |     4 ||     9
       Potion            |       |       |     8 ||     8
 Stab: Sleeping          |     2 |     5 |     2 ||     9
  Eat: Chunk             |    11 |    31 |    24 ||    66
Armor: Leather armour    |    28 |    42 |     5 ||    75
       Chain mail        |       |       |   147 ||   147
Dodge: Dodged            |    59 |   130 |   112 ||   301
